 Dungeon Crawl Stone Soup version 0.28-a0-429-g1448048969 (webtiles) character file.

Game seed: 16561072476065264042

2405 omnomnOMINOUS the Conjurer (level 9, -5/62 HPs)
             Began as an Octopode Wanderer on Sept 12, 2021.
             Was a Priest of Vehumet.
             Slain by an orc warrior (23 damage)
             ... on level 6 of the Dungeon.
             The game lasted 00:18:05 (6753 turns).

omnomnOMINOUS the Conjurer (Octopode Wanderer)      Turns: 6753, Time: 00:18:06

Health: -5/62      AC:  1    Str: 11    XL:     9   Next: 47%
Magic:  21/21      EV: 15    Int: 16    God:    Vehumet [***...]
Gold:   169        SH:  0    Dex: 13    Spells: 11/12 levels left

rFire   . . .      SeeInvis .   b - +7 Singing Sword {vorpal, sonic wave}
rCold   . . .      Faith    .   (no shield)
rNeg    . . .      Spirit   .   (helmet restricted)
rPois   .          Reflect  .   (no amulet)
rElec   .          Harm     .   i - ring of resist corrosion
rCorr   +          Rampage  .   m - ring of magical power
Will    .....                   (no ring)
Stlth   ++........              (no ring)
HPRegen 0.20/turn               (no ring)
MPRegen 0.17/turn               (no ring)
                                (no ring)
                                (no ring)

@: attractive, slowed, very slow
A: almost no armour, amphibious, 8 rings, camouflage 1, gelatinous body 1,
(nimble swimmer 1), tentacles
a: Renounce Religion


You were on level 6 of the Dungeon.
You worshipped Vehumet.
Vehumet was most pleased with you.
You visited 2 branches of the dungeon, and saw 7 of its levels.

You collected 169 gold pieces.

Inventory:

Hand Weapons
 a - a +2 spectral spear
 b - the +7 Singing Sword (weapon) {vorpal, sonic wave}
   (You found it on level 5 of the Dungeon)

   It inflicts extra damage upon your enemies.
   It radiates damaging sonic waves as it strikes, especially in combat
   involving dangerous or numerous foes.
 c - a +2 rapier of electrocution
Missiles
 s - 6 silver javelins (quivered)
Magical Staves
 g - a staff of air
 t - a staff of death
Jewellery
 i - a ring of resist corrosion (left tentacle)
 m - a ring of magical power (right tentacle)
Wands
 f - a wand of mindburst (5)
 k - a wand of iceblast (7)
 u - a wand of paralysis (7)
 v - a wand of flame (14)
 x - a wand of digging (11)
 y - a wand of acid (7)
 B - a wand of polymorph (9)
Scrolls
 d - 8 scrolls of identify {unknown}
 e - a scroll of amnesia
 j - 4 scrolls of fog {unknown}
 p - a scroll of magic mapping {unknown}
 r - a scroll of enchant armour {unknown}
 A - a scroll of immolation {unknown}
Potions
 h - a potion of lignification {unknown}
 l - 2 potions of berserk rage {unknown}
 n - 2 potions of attraction
 o - a potion of might {unknown}
 q - 2 potions of brilliance {unknown}
 w - a potion of curing
 z - a potion of degeneration {unknown}


   Skills:
 + Level 6.2 Fighting
 * Level 2.1 Long Blades
 - Level 4.6 Polearms
 - Level 2.0 Throwing
 + Level 6.1 Dodging
 - Level 2.0 Spellcasting
 + Level 7.3 Conjurations
 - Level 1.0 Hexes
 - Level 2.0 Necromancy


You had 11 spell levels left.
You knew the following spells:

 Your Spells              Type           Power      Damage    Failure   Level
a - Foxfire               Conj/Fire      52%        2x1d6     1%          1

Your spell library contained the following spells:

 Spells                   Type           Power      Damage    Failure   Level
 Airstrike                Air            0%         N/A       45%         4
 Static Discharge         Conj/Air       13%        N/A       1%          2
 Scorch                   Fire           2%         2d5       9%          2
 Flame Wave               Conj/Fire      13%        3d5       13%         4
 Sticky Flame             Conj/Fire      13%        2d4       13%         4
 Sublimation of Blood     Necr           4%         N/A       14%         2
 Corpse Rot               Necr/Air       N/A        N/A       21%         2
 Portal Projectile        Hex/Tloc       6%         N/A       45%         3
 Call Canine Familiar     Summ           1%         N/A       52%         3
 Dispel Undead            Necr           8%         3d8       65%         4
 Leda's Liquefaction      Hex/Erth       1%         N/A       86%         4
 Summon Cactus Giant      Summ           0%         N/A       100%        6


Dungeon Overview and Level Annotations

Branches:
Dungeon (6/15)             Temple (1/1) D:5

Altars:
Ashenzari
Dithmenos
Elyvilon
Fedhas
Gozag
Hepliaklqana
Kikubaaqudgha
Makhleb
Nemelex Xobeh
Qazlal
Ru
Trog
Uskayaw
Vehumet
Wu Jian
Xom
Yredelemnul
Zin
The Shining One

Shops:
D:6 *


Innate Abilities, Weirdness & Mutations

You cannot wear most types of armour.
You are amphibious.
You can wear up to eight rings at the same time.
Your skin changes colour to match your surroundings (Stealth+).
Your rubbery body absorbs attacks. (AC +1, EV +1)
((You are camouflaged near water. (Stealth+)))
You have tentacles for arms and can constrict up to eight enemies at once.


Message History

a +0 dagger; 4 poisoned darts; a kobold corpse An orc wizard comes into view.
It is wielding a +0 dagger.
You feel very sick. The kobold brigand closely misses you.
The kobold brigand hits you with a +0 short sword!
The orc wizard shouts!
You slash the kobold brigand! You grab the kobold brigand.
The kobold brigand is moderately wounded.
You constrict the kobold brigand.
You feel sick.
An orc warrior comes into view. It is wielding a +0 glaive.
The kobold brigand hits you with a +0 short sword!
The kobold brigand misses you.
You hit the kobold brigand.
The kobold brigand is heavily wounded.
You constrict the kobold brigand.
You feel sick. The kobold brigand closely misses you.
The kobold brigand hits you with a +0 short sword.
* * * LOW HITPOINT WARNING * * *
The orc wizard casts a spell at you.
You easily resist.
You feel better.
You constrict the kobold brigand. The kobold brigand misses you.
The kobold brigand barely misses you.
You hit the kobold brigand.
The Singing Sword emits a series of high-pitched trills.
You send a blast of sound all around you.
The orc warrior and the orc wizard are blasted.
The orc warrior is severely wounded.
The orc wizard is almost dead.
You kill the kobold brigand!
Vehumet accepts your kill.
You hear a shout!
The orc wizard gestures at you while chanting.
The puff of flame hits you!
* * * LOW HITPOINT WARNING * * *
The orc warrior barely misses you.
Your Long Blades skill increases to level 2!
It was a potion of attraction.
You feel attractive to monsters.
The orc warrior hits you from afar with a +0 glaive!!
You die...

## ..# #.# #.# ## #.#
.. .#####.###.#
.....)..)..###. # ###
#oo@....... ..#
#))######## #.# #).#
#.#####..### #
#.###.##.......# #
#..............#
########.##.......#
.....................
###.####.##.......#..


You could see an orc warrior and an orc wizard.

Vanquished Creatures
  Grinder (D:4)
  A yak (D:5)
  Duvessa (D:4)
  3 water moccasins
  A sky beast (D:5)
  Purgy (D:3)
  A necrophage (D:3)
  2 ogres (D:4)
  2 black bears
  A centaur (D:6)
  A kobold brigand (D:6)
  5 scorpions
  Dowan (D:4)
  A bullfrog zombie (D:5)
  A jelly (D:4)
  3 orc priests
  3 hounds
  Ijyb (D:3)
  Natasha (thrice) (D:3)
  Terence (D:3)
  5 orc wizards
  3 gnolls
  4 adders
  An ufetubus (D:2)
  An adder skeleton (D:4)
  A worm (D:2)
  A dart slug (D:4)
  10 orcs
  11 bats
  3 endoplasms
  3 giant cockroaches
  5 goblins
  4 hobgoblins
  10 jackals
  8 kobolds
  3 quokkas
  2 ball pythons (D:3)
  7 frilled lizards (D:1)
  3 rats
119 creatures vanquished.

Vanquished Creatures (others)
  40 foxfires
  7 fungi (D:5)
47 creatures vanquished.

Grand Total: 166 creatures vanquished

Notes
Turn   | Place    | Note
-------+----------+-------------------------------------------
     0 | D:1      | omnomnOMINOUS the Octopode Wanderer began the quest for the
                  | Orb.
     0 | D:1      | omnomnOMINOUS set off with the following items: a +2 spear,
                  | a potion of curing; and the following spells available to
                  | memorise: Sublimation of Blood, Corpse Rot
     0 | D:1      | Reached XP level 1. HP: 16/16 MP: 3/3
   147 | D:1      | Reached skill level 1 in Polearms
   233 | D:1      | Found a faded altar of an unknown god.
   240 | D:1      | Reached XP level 2. HP: 21/21 MP: 5/5
   244 | D:1      | Became a worshipper of Vehumet
   244 | D:1      | Reached * piety under Vehumet
   244 | D:1      | Offered knowledge of Sandblast by Vehumet.
   772 | D:2      | Reached skill level 1 in Dodging
  1157 | D:1      | Reached XP level 3. HP: 8/26 MP: 6/6
  1537 | D:3      | Reached XP level 4. HP: 10/31 MP: 7/7
  1541 | D:3      | Noticed a necrophage
  1544 | D:3      | Noticed Purgy
  1547 | D:3      | Killed a necrophage
  1548 | D:3      | Reached XP level 5. HP: 13/36 MP: 8/8
  1815 | D:3      | Reached XP level 6. HP: 34/42 MP: 9/9
  2134 | D:4      | Offered knowledge of Foxfire by Vehumet.
  2137 | D:4      | Learned a level 1 spell: Foxfire
  2205 | D:4      | Noticed Grinder
  2240 | D:4      | Paralysed by Grinder for 7 turns
  2251 | D:4      | Killed Grinder
  2252 | D:4      | Reached skill level 2 in Conjurations
  2273 | D:4      | Reached ** piety under Vehumet
  2333 | D:4      | Noticed Duvessa
  2333 | D:4      | Noticed Dowan
  2344 | D:4      | Reached XP level 7. HP: 46/46 MP: 10/10
  2353 | D:4      | Killed Duvessa
  2376 | D:4      | Killed Dowan
  2377 | D:4      | Reached skill level 3 in Conjurations
  2675 | D:4      | Reached skill level 4 in Conjurations
  2678 | D:4      | Reached XP level 8. HP: 54/54 MP: 11/11
  3018 | D:5      | Entered Level 5 of the Dungeon
  3038 | D:3      | Noticed Ijyb
  3048 | D:3      | Killed Ijyb
  3070 | D:3      | Noticed Natasha
  3082 | D:3      | Killed Natasha
  3161 | D:3      | Found a broken altar of Ashenzari.
  3244 | D:3      | Noticed Terence
  3265 | D:3      | Killed Terence
  3414 | D:3      | Noticed Natasha
  3423 | D:3      | Killed Natasha
  3800 | D:3      | Noticed Natasha
  3804 | D:3      | Killed Natasha
  3809 | D:3      | Found a broken altar of Ashenzari.
  3839 | D:3      | Killed Purgy
  3840 | D:3      | Reached skill level 5 in Conjurations
  4040 | D:5      | Reached skill level 5 in Fighting
  4052 | D:5      | Found a staircase to the Ecumenical Temple.
  4071 | D:5      | Reached skill level 5 in Dodging
  4305 | D:5      | Offered knowledge of Dazzling Flash by Vehumet.
  4638 | D:5      | Found a bloodstained altar of Trog.
  4910 | D:5      | Noticed a yak
  4962 | D:5      | Reached skill level 6 in Conjurations
  5001 | D:5      | Killed a yak
  5002 | D:5      | Reached XP level 9. HP: 33/62 MP: 12/12
  5003 | D:5      | Reached *** piety under Vehumet
  5471 | D:5      | Reached skill level 7 in Conjurations
  5480 | D:5      | Found the +7 Singing Sword {vorpal, sonic wave}
  5734 | D:2      | You fall into a shaft and drop 2 floors!
  6137 | Temple   | Entered the Ecumenical Temple
  6344 | D:6      | Found Zin's Purification Station.
  6347 | D:6      | Found a glowing silver altar of Zin.
  6475 | D:6      | Reached skill level 1 in Long Blades
  6744 | D:6      | Offered knowledge of Airstrike by Vehumet.
  6753 | D:6      | Slain by an orc warrior

Illustrated notes

Levels and vault maps discovered:
D:1:      tarquinn_simple_flora_water_f, layout_basic,
          shapermc_ecumenical_altar_totnotflames, minmay_lizard_pond
D:2:      layout_rooms, hex_medium
D:3:      layout_rooms, old_standard_altar, uniq_natasha, uniq_purgy, uniq_ijyb,
          uniq_terence
D:4:      layout_basic, uniq_duvessa, uniq_grinder
D:5:      old_forge, layout_loops_ring, mainiacjoe_overflow_brackets,
          minmay_temple_entry_proselytizer, st_stairs_1, lemuel_old_faithful
D:6:      kennysheep_kobold_camp, layout_loops_ring, lemuel_crystal_altar,
          zin_purify, ebering_ghost_disaster_area
Temple:   lightli_temple_of_artemis

Skill      XL: |  1  2  3  4  5  6  7  8  9 |
---------------+----------------------------+-----
Polearms       | 1 2 3 4 |  4.6
Dodging        | 1 2 3 4 5 6 |  6.1
Conjurations   | 2 4 6 7 |  7.3
Fighting       | 4 5 6 |  6.2
Long Blades    | 2 |  2.1
Throwing       | |  2.0
Spellcasting   | |  2.0
Hexes          | |  1.0
Necromancy     | |  2.0

Action                   |  1- 3 |  4- 6 |  7- 9 || total
-------------------------+-------+-------+-------++-------
Melee: Spear             |    43 |    22 |   147 ||   212
       Tentacles         |     8 |     1 |    26 ||    35
       Constrict         |     7 |     5 |    39 ||    51
       Double sword      |       |       |    26 ||    26
Throw: Javelin           |       |       |     1 ||     1
 Cast: Foxfire           |       |     9 |    18 ||    27
Evoke: Wand              |     2 |       |     1 ||     3
  Use: Potion            |     1 |       |     2 ||     3
       Scroll            |       |     5 |     1 ||     6
 Stab: Sleeping          |     4 |       |     7 ||    11
       Held in net/web   |       |       |     2 ||     2
Armor: Skin              |     2 |     1 |     4 ||     7
Dodge: Dodged            |    20 |    10 |    66 ||    96

Table legend: (Time is in decaauts)
 A = Elapsed time spent in this place.
 B = Non-inter-level travel time spent in this place.
 C = Inter-level travel time spent in this place.
 D = Time resting spent in this place.
 E = Time spent auto-exploring this place.
 F = Levels seen in this place.
 G = Mean time per level.
                   A        B        C        D        E       F      G
               +--------+--------+--------+--------+--------+-----+--------+
         Total |   6754 |   6301 |    453 |   1870 |   3364 |   7 |  964.9 |
       Dungeon |   6638 |   6205 |    433 |   1870 |   3281 |   6 | 1106.3 |
        Temple |    115 |     95 |     20 |      0 |     83 |   1 |  115.0 |
               +--------+--------+--------+--------+--------+-----+--------+

Top non-repeatable levels by time:
     D:5: 1638 daAuts
     D:3: 1490 daAuts
     D:4: 1441 daAuts
     D:1: 881 daAuts
     D:2: 736 daAuts
     D:6: 450 daAuts
  Temple: 115 daAuts
